 Dungeon Sprint DCSS version 0.18-a0-596-g6468885 (webtiles) character file.

6701 xeno23 the Bludgeoner (level 10, -7/103 HPs)
             Began as a Minotaur Berserker on Dec 4, 2015.
             Was a High Priest of Trog.
             Mangled by an unseen horror (12 damage)
             ... in the Dungeon (Sprint I: "Red Sonja").
             The game lasted 00:08:43 (1872 turns).

xeno23 the Bludgeoner (Minotaur Berserker)          Turns: 1872, Time: 00:08:44

Health: -7/103     AC:  3    Str: 21    XL:     10   Next: 74%
Magic:  9/9        EV: 21    Int:  4    God:    Trog [*****.]
Gold:   643        SH:  0    Dex: 16    Spells: 0 memorised, 9 levels left

rFire  . . .     SeeInvis .     c - +7 dire flail of Qubuloid {flame, rC+ Dex+2}
rCold  + . .     Clarity  .     b - +0 animal skin
rNeg   . . .     SustAt   .     (shield currently unavailable)
rPois  .         Gourm    .     (helmet restricted)
rElec  .         Spirit   .     (no cloak)
rCorr  .         Dismiss  .     (no gloves)
rMut   .         NoTele   +     (no boots)
MR     .....                    (no amulet)
Stlth  +.........               (no ring)
                                (no ring)

@: starving, not resistant to hostile enchantments, very unstealthy
A: retaliatory headbutt, horns 2
a: Berserk, Trog's Hand, Brothers in Arms, Burn Spellbooks, Renounce Religion


You were in the Dungeon.
You worshipped Trog.
Trog was extremely pleased with you.
You were starving.

You visited 1 branch You collected 643 gold pieces.

Inventory:

Hand Weapons
 c - the +7 dire flail of Qubuloid (weapon) {flame, rC+ Dex+2}
   (Trog gifted it to you in the Dungeon)

   It has been specially enchanted to burn those struck by it, causing extra
   injury to most foes and up to half again as much damage against particularly
   susceptible opponents.
   It affects your dexterity (+2).
   It protects you from cold.
Armour
 b - a +0 animal skin (worn)
Wands
 j - a wand of disintegration (16)
Scrolls
 k - a scroll of amnesia {unknown}
Potions
 d - a potion of curing
 f - a potion of haste
 g - 2 potions of magic
 h - a potion of berserk rage


   Skills:
 + Level 14.2 Fighting
 * Level 18.5 Maces & Flails
 + Level 13.6 Armour
 + Level 12.6 Dodging


You had 9 spell levels left.
You didn't know any spells.

Dungeon Overview and Level Annotations

Branches:
Dungeon (1/1)

Altars:
Cheibriados
Dithmenos
Elyvilon
Fedhas
Gozag
Kikubaaqudgha
Makhleb
Nemelex Xobeh
Okawaru
Pakellas
Qazlal
Ru
Sif Muna
Trog
Vehumet
Xom
Yredelemnul
Zin
The Shining One
Jiyva

Shops:
D =


Innate Abilities, Weirdness & Mutations

You reflexively headbutt those who attack you in melee.
You have a pair of horns on your head.


Message History

The unseen horror misses you.
You puncture the unseen horror! You burn the unseen horror.
You kill the unseen horror!
Trog accepts your kill.
You open the door. Something hits you.
Deactivating autopickup; reactivate with Ctrl-A.
Found a smoking short sword.
You take 2 damage.
You close the door.
Something hits you.
* * * LOW HITPOINT WARNING * * *
Something hits you!
* * * LOW HITPOINT WARNING * * *
Something hits you.
* * * LOW HITPOINT WARNING * * *
You take 15 damage.
You puncture something! You burn something! Your headbutt misses something.
Something hits you!
* * * LOW HITPOINT WARNING * * *
You take 11 damage.
You barely miss something. Your headbutt misses something. Something hits you!
You die...

.'.§#§#
##§..#######+#$§§§$#
##§.§§# ###'#)([##
#§$$§§# #'####
#.##$$$# #$§$$
#..§..# #..###$#
##+## #..§.§+
##.#A#$# ###.§§#
#..###$# ...#
#.##..$# ..##
#..#+### ..# ##..@#
#+# ###.# #.# #.#
#+#


There were no monsters in sight!

Vanquished Creatures
  4 unseen horrors (D)
  A lindwurm (D)
  A gargoyle (D)
  2 demonic crawlers (D)
  2 kobold demonologists (D)
  A slime creature (D)
  Sigmund (D)
  13 hogs (D)
  A yak (D)
  An ogre (D)
  A jelly (D)
  Ijyb (D)
  2 giant eyeballs (D)
31 creatures vanquished.

Vanquished Creatures (collateral kills)
  A hydra (D)
  2 demonic crawlers (D)
3 creatures vanquished.

Grand Total: 34 creatures vanquished

Notes
Turn   | Place    | Note
--------------------------------------------------------------
     0 | D        | xeno23 the Minotaur Berserker began the quest for the Orb.
     0 | D        | Reached XP level 1. HP: 19/19 MP: 0/0
     1 | D        | Noticed Ijyb
     8 | D        | Killed Ijyb
     8 | D        | Reached skill level 5 in Fighting
     8 | D        | Reached skill level 5 in Maces & Flails
     8 | D        | Reached XP level 2. HP: 30/30 MP: 1/1
    53 | D        | Noticed an ogre
    56 | D        | Killed an ogre
    56 | D        | Reached ** piety under Trog
    56 | D        | Reached skill level 6 in Fighting
    56 | D        | Reached skill level 7 in Maces & Flails
    56 | D        | Reached skill level 5 in Armour
    56 | D        | Reached XP level 3. HP: 38/38 MP: 2/2
    56 | D        | Reached XP level 4. HP: 45/45 MP: 3/3
   103 | D        | Noticed Sigmund
   113 | D        | Killed Sigmund
   113 | D        | Reached skill level 8 in Fighting
   113 | D        | Reached skill level 10 in Maces & Flails
   113 | D        | Reached XP level 5. HP: 41/53 MP: 4/4
   113 | D        | Reached XP level 6. HP: 47/61 MP: 5/5
   248 | D        | Found a snail-covered altar of Cheibriados.
   248 | D        | Found a viscous altar of Jiyva.
   248 | D        | Found a shadowy altar of Dithmenos.
   248 | D        | Found a blossoming altar of Fedhas.
   248 | D        | Noticed a slime creature
   252 | D        | Killed a slime creature
   252 | D        | Reached skill level 11 in Maces & Flails
   307 | D        | Found a deep blue altar of Sif Muna.
   309 | D        | Found a radiant altar of Vehumet.
   316 | D        | Reached *** piety under Trog
   319 | D        | Noticed a centaur warrior
   319 | D        | Noticed a centaur warrior
   346 | D        | Found Kotikeash's Jewellery Emporium.
   346 | D        | Found a white marble altar of Elyvilon.
   346 | D        | Found a stormy altar of Qazlal.
   346 | D        | Found a burning altar of Makhleb.
   346 | D        | Found a sacrificial altar of Ru.
   346 | D        | Found an oddly glowing altar of Pakellas.
   346 | D        | Found a basalt altar of Yredelemnul.
   346 | D        | Found a glowing golden altar of the Shining One.
   346 | D        | Found a sparkling altar of Nemelex Xobeh.
   346 | D        | Found a shimmering altar of Xom.
   346 | D        | Found an opulent altar of Gozag.
   346 | D        | Found an ancient bone altar of Kikubaaqudgha.
   346 | D        | Found a glowing silver altar of Zin.
   346 | D        | Noticed a yak
   351 | D        | Killed a yak
   351 | D        | Reached skill level 12 in Maces & Flails
   351 | D        | Reached XP level 7. HP: 49/71 MP: 6/6
   352 | D        | Found an iron altar of Okawaru.
   355 | D        | Found a bloodstained altar of Trog.
   465 | D        | Noticed a kobold demonologist
   466 | D        | Noticed a kobold demonologist
   470 | D        | Killed a kobold demonologist
   470 | D        | Reached **** piety under Trog
   470 | D        | Reached skill level 10 in Fighting
   481 | D        | Killed a kobold demonologist
   481 | D        | Reached skill level 13 in Maces & Flails
   481 | D        | Reached XP level 8. HP: 81/81 MP: 7/7
   531 | D        | Noticed a demonic crawler
   531 | D        | Noticed a demonic crawler
   531 | D        | Noticed a demonic crawler
   531 | D        | Noticed a demonic crawler
   536 | D        | Killed a demonic crawler
   536 | D        | Reached skill level 10 in Armour
   539 | D        | Killed a demonic crawler
   539 | D        | Reached skill level 14 in Maces & Flails
   543 | D        | Killed a demonic crawler
   544 | D        | Killed a demonic crawler
   758 | D        | Noticed a lindwurm
   766 | D        | Noticed a gargoyle
   774 | D        | Killed a gargoyle
   774 | D        | Reached skill level 15 in Maces & Flails
   774 | D        | Reached skill level 10 in Dodging
   774 | D        | Reached XP level 9. HP: 66/90 MP: 8/8
   964 | D        | Killed a lindwurm
   964 | D        | Received a gift from Trog
  1025 | D        | Reached ***** piety under Trog
  1025 | D        | Reached skill level 16 in Maces & Flails
  1047 | D        | Received a gift from Trog
  1053 | D        | Reached XP level 10. HP: 55/101 MP: 9/9
  1055 | D        | Reached skill level 17 in Maces & Flails
  1362 | D        | Got a crystal dire flail {god gift}
  1364 | D        | Identified the +7 dire flail of Qubuloid {flame, rC+ Dex+2} (Trog gifted it to you in the Dungeon)
  1371 | D        | Noticed a 12-headed hydra
  1372 | D        | Paralysed by a giant eyeball for 2 turns
  1373 | D        | HP: 2/101 [12-headed hydra (9)]
  1388 | D        | Killed a 12-headed hydra
  1398 | D        | Received a gift from Trog
  1844 | D        | Noticed a daeva
  1852 | D        | Noticed an unseen horror
  1852 | D        | Noticed an unseen horror
  1852 | D        | Killed an unseen horror
  1853 | D        | Noticed an unseen horror
  1854 | D        | Killed an unseen horror
  1854 | D        | Reached skill level 18 in Maces & Flails
  1855 | D        | Noticed an unseen horror
  1856 | D        | Killed an unseen horror
  1863 | D        | Killed an unseen horror
  1871 | D        | HP: 5/103 [something (11)]
  1872 | D        | Mangled by an unseen horror

Vault maps used:
D:        dungeon_sprint_1

Action                   |  1- 3 |  4- 6 |  7- 9 | 10-12 || total
-------------------------+-------+-------+-------+-------++-------
Melee: Mace              |     7 |    19 |    66 |    15 ||   107
       Dire flail        |       |       |       |    14 ||    14
Invok: Berserk           |     2 |     2 |     5 |       ||     9
       Brothers in Arms  |       |       |     1 |     1 ||     2
  Use: Scroll            |       |       |       |     1 ||     1
       Potion            |       |       |       |     1 ||     1
  Eat: Chunk             |       |     2 |     3 |     1 ||     6
       Bread ration      |       |       |     1 |       ||     1
